 Dungeon Crawl Stone Soup version 0.29.1-2-gbd0b4ee654 (webtiles) character file.

Game seed: 15758360314080387983

46 xian the Trooper (level 3, -7/29 HPs)
             Began as a Demonspawn Abyssal Knight on Nov 13, 2022.
             Was a Believer of Lugonu.
             Mangled by Terence
             ... wielding a +3 mace of protection
              (10 damage)
             ... on level 2 of the Dungeon.
             The game lasted 00:02:54 (1576 turns).

xian the Trooper (Demonspawn Abyssal Knight)        Turns: 1576, Time: 00:02:55

Health: -7/29      AC:  3    Str: 15    XL:     3   Next: 44%
Magic:  0/13       EV: 11    Int: 11    God:    Lugonu [**....]
Gold:   48         SH:  0    Dex: 13    Spells: 2/2 levels left

rFire   . . .      SeeInvis .   k - +2 dagger (speed)
rCold   . . .      Faith    .   (no shield)
rNeg    . . .      Spirit   +   b - +0 leather armour
rPois   .          Reflect  .   (no helmet)
rElec   .          Harm     .   (no cloak)
rCorr   .          Rampage  .   (no gloves)
Will    .....                   (no boots)
Stlth   +.........              c - amulet of guardian spirit
HPRegen 0.09/turn               d - ring of magical power
MPRegen 0.13/turn               (no ring)

@: no status effects
A: powered by death 1
a: Renounce Religion, Depart the Abyss, Bend Space


You were on level 2 of the Dungeon.
You worshipped Lugonu.
Lugonu was pleased with you.
You visited 1 branch of the dungeon, and saw 2 of its levels.
You visited the Abyss 1 time.

You collected 48 gold pieces.

Inventory:

Hand Weapons
 k - a +2 dagger of speed (weapon)
Armour
 b - a +0 leather armour (worn)
Jewellery
 c - an amulet of guardian spirit (around neck)
 d - a ring of magical power (left hand)
Scrolls
 a - a scroll of brand weapon {unknown}
 f - a scroll of teleportation {unknown}
 g - 3 scrolls of identify {unknown}
 i - a scroll of poison {unknown}
 l - a scroll of fog {unknown}
Potions
 e - a potion of flight {unknown}
 h - a potion of degeneration {unknown}
 j - a potion of heal wounds {unknown}
 m - a potion of mutation {unknown}


   Skills:
 + Level 3.5 Fighting
 + Level 2.4 Short Blades
 + Level 2.2 Armour
 + Level 1.0 Dodging
 + Level 0.1 Stealth
 * Level 2.5 Invocations


You had 2 spell levels left.
You didn't know any spells.
Your spell library contained the following spells:

 Spells                   Type           Power      Damage    Failure   Level
 Beastly Appendage        Tmut           0%         N/A       41%         1
 Wereblood                Tmut           0%         N/A       54%         2
 Gell's Gravitas          Tloc           0%         N/A       78%         3
 Spider Form              Tmut/Pois      0%         N/A       78%         3
 Teleport Other           Tloc           0%         N/A       78%         3
 Dispersal                Tloc           0%         N/A       100%        6


Dungeon Overview and Level Annotations

Branches:
Dungeon (2/15)

Altars:

Annotations:
D:2 Terence


Innate Abilities, Weirdness & Mutations

You regenerate a little health from kills.


Message History

The adder is heavily wounded.
The adder closely misses you.
You hit the adder. Your punch misses the adder.
The adder is severely wounded.
The adder bites you but does no damage.
You barely miss the adder.
The adder is severely wounded.
You hit the adder.
The adder is almost dead.
The adder bites you but does no damage.
You hit the adder.
You kill the adder!
Lugonu accepts your kill.
You see here an adder corpse.
You now have 48 gold pieces (gained 8).
Terence the Incautious comes into view.
He is wielding a +3 mace of protection.
Terence shouts!
Okay, then.
Terence hits you with a +3 mace of protection!
You hit Terence but do no damage. You hit Terence but do no damage.
Terence hits you with a +3 mace of protection.
You hit Terence but do no damage. Your punch misses Terence.
Terence hits you with a +3 mace of protection!
You hit Terence.
Terence is moderately wounded.
You barely miss Terence.
Terence is moderately wounded.
Terence hits you with a +3 mace of protection!
* * * LOW HITPOINT WARNING * * *
You hit Terence.
Terence is heavily wounded.
You hit Terence but do no damage.
Terence is heavily wounded.
Terence hits you with a +3 mace of protection.
* * * LOW HITPOINT WARNING * * *
You hit Terence but do no damage.
Terence is moderately wounded.
Terence hits you with a +3 mace of protection!
You die...

#...... # #.#.... # .#
##+##... #.#####.#
##...##.. #.#.....#
##.....##. #.#.#.#.#
##.......##
#####.......###..>......#
..............+........<'
#.@@.# #.........# #.#.##
#......†## ##.#.#
##.....## #..#.# ##...##
#.##.###### ##'##
#.###.#.......# #.#
#........# #.# ##)####
#####.#.## #.# #.....#
###.#.#####.###.....#


You could see Terence.

Vanquished Creatures
  An adder (D:2)
  2 dart slugs (D:1)
  5 ball pythons (D:1)
  3 endoplasms (D:1)
  2 giant cockroaches (D:1)
  5 goblins
  3 hobgoblins (D:1)
  A kobold (D:2)
  A quokka (D:2)
  3 bats
  3 frilled lizards
  2 rats (D:1)
31 creatures vanquished.

Notes
Turn   | Place    | Note
-------+----------+-------------------------------------------
     0 | Abyss:1  | xian the Demonspawn Abyssal Knight began the quest for the
                  | Orb.
     0 | Abyss:1  | Reached XP level 1. HP: 18/18 MP: 2/2
   113 | Abyss:1  | Noticed a guardian serpent
   119 | D:1      | Escaped the Abyss
   310 | D:1      | Gained mutation: You regenerate a little health from kills.
                  | [demonic ancestry]
   310 | D:1      | Reached XP level 2. HP: 19/24 MP: 3/3
  1095 | D:1      | Found a faded altar of an unknown god.
  1107 | D:1      | Reached XP level 3. HP: 24/29 MP: 4/4
  1347 | D:1      | Reached skill level 1 in Dodging
  1566 | D:2      | Noticed Terence
  1576 | D:2      | Mangled by Terence

Illustrated notes

Levels and vault maps discovered:
D:1:      erik_arrival_cave_to_civilisation [erik_arrival_cave_to_hall],
          layout_loops_ring, nicolae_ecumenical_snake_handling
D:2:      layout_loops_corners, uniq_terence

Skill      XL: |  1  2  3 |
---------------+----------+-----
Short Blades   | 2 |  2.4
Armour         | 2 |  2.2
Dodging        | 1 |  1.0
Fighting       | |  3.5
Stealth        | |  0.1
Invocations    | |  2.5

Action                   || total
-------------------------++-------
Melee: Short sword       ||   100
       Punch             ||     2
       Dagger            ||    21
Invok: Depart the Abyss  ||     1
 Stab: Sleeping          ||     1
Armor: Leather armour    ||    35
Dodge: Dodged            ||    54
